Map: Orbital Shipyard

Players

Fullmetal - Winner!

  • Race: Terran Terran
  • League: Master

staceyxoxo

  • Race: Zerg Zerg
  • League: Master

VOD

Have the link to the VOD?

Description

Time

  • Played on: Nov. 16, 2015, 10:58 p.m.
  • Length: 9:07
Show
View Real Time Build Order
Export as new Build Order

Fullmetal Terran - Winner!

Build Orders: Liberator Opening, Reaper Expand 

Get SALT Encoding   

  12  0:02  SCV  
  13  0:14  SCV  
  14  0:18  Supply Depot  
  14  0:26  SCV  
  15  0:40  SCV  
  15  0:42  Barracks  
  16  0:49  Refinery  
  16  0:52  SCV  
  17  1:04  SCV  
  18  1:16  SCV  
  19  1:31  Orbital Command  
  19  1:33  Reaper  
  20  1:45  Command Center  
  20  1:51  Refinery  
  20  1:57  SCV  
  21  2:07  Supply Depot  
  21  2:09  SCV  
  21  2:11  Barracks Reactor  
  22  2:21  SCV  
  23  2:29  Factory  
  23  2:33  SCV  
  24  2:45  SCV  
  24  2:47  Marine x2  
  27  2:57  Orbital Command  
  27  3:03  SCV  
  28  3:14  Starport  
  28  3:17  SCV  
  28  3:20  Hellion  
  28  3:21  Hellion  
  28  3:23  Barracks Reactor, SCV  
  33  3:29  Refinery  
  33  3:30  SCV  
  34  3:36  SCV  
  35  3:42  SCV  
  35  3:44  Hellion x2  
  35  3:48  SCV  
  41  3:49  Liberator  
  41  3:54  SCV  
  42  3:56  Liberator  
  42  4:00  SCV  
  43  4:06  Barracks Tech Lab  
  46  4:12  Supply Depot  
  46  4:13  SCV, Hellion x2  
  54  4:24  Supply Depot  
  54  4:28  Stimpack  
  54  4:34  SCV x2, Marine  
  54  4:35  Liberator  
  57  4:39  Liberator  
  57  4:48  SCV  
  57  4:50  Barracks  
  61  4:53  Factory Reactor  
  61  4:54  Barracks  
  64  5:00  SCV x2  
  64  5:03  Marauder  
  68  5:12  SCV  
  65  5:15  SCV  
  62  5:22  Barracks x2  
  62  5:27  SCV  
  65  5:28  Marauder  
  65  5:31  Liberator  
  65  5:32  Refinery  
  65  5:37  SCV  
  65  5:39  SCV  
  67  5:44  Command Center  
  70  5:52  SCV x2, Marine  
  70  5:55  Factory Tech Lab  
  70  6:07  Supply Depot  
  70  6:12  Supply Depot  
  70  6:19  Supply Depot, Marine x2  
  70  6:20  Marauder, Marine x2  
  70  6:21  Liberator x2  
  70  6:23  Barracks Reactor  
  70  6:24  Barracks Reactor  
  76  6:26  SCV  
  76  6:29  Siege Tank  
  86  6:43  SCV  
  87  6:47  Marine x3  
  87  6:48  Marauder  
  89  6:59  Marine x2  
  89  7:00  Engineering Bay  
  91  7:03  Marine, Engineering Bay, Orbital Command  
  91  7:04  Marine  
  91  7:06  SCV x2  
  95  7:09  Marine  
  95  7:10  Supply Depot, Liberator  
  95  7:14  Siege Tank  
  96  7:19  SCV x2, Supply Depot, Marine  
  96  7:21  Marine x2  
  101  7:27  Orbital Command  
  104  7:30  Marine x2  
  104  7:34  Supply Depot  
  106  7:41  SCV x2  
  106  7:43  Marine x2, Liberator  
  110  7:44  Supply Depot, Marine  
  110  7:47  Marine  
  110  7:48  Marine x2  
  114  7:52  Marine  
  114  7:53  Siege Tank  
  114  7:55  Marine  
  114  7:58  SCV x2  
  121  8:01  Marine  
  121  8:04  Liberator  
  125  8:09  Marine x2  
  128  8:12  SCV  
  128  8:13  SCV, Marine  
  128  8:14  Marine x2  
  128  8:19  Marine x2  
  134  8:26  SCV, Supply Depot  
  135  8:27  SCV, Marine, Supply Depot  
  135  8:29  Armory, Marine  
  135  8:30  Supply Depot  
  138  8:35  Marine x2  
  140  8:42  SCV x2  
  140  8:43  Marine x2  
  140  8:45  SCV  
  145  8:48  Marine x2  
  149  9:04  Command Center  
Show
View Real Time Build Order
Export as new Build Order

staceyxoxo Zerg 

Build Orders: Hatch First 

Get SALT Encoding   

  12  0:01  Drone  
  13  0:12  Overlord  
  13  0:17  Drone  
  14  0:31  Drone x2  
  14  0:34  Drone  
  17  0:52  Hatchery  
  17  0:56  Drone  
  17  0:58  Drone  
  18  1:10  Extractor  
  17  1:13  Spawning Pool  
  17  1:16  Drone  
  17  1:19  Drone  
  18  1:28  Drone  
  19  1:40  Overlord  
  19  1:59  Queen  
  19  2:00  Zergling x4  
  23  2:03  Queen  
  23  2:04  Drone  
  26  2:15  Drone x2  
  28  2:23  Drone  
  28  2:29  Drone  
  30  2:38  Drone x2  
  30  2:41  Queen  
  33  2:50  Drone  
  33  2:51  Drone  
  35  2:55  Overlord  
  35  3:13  Hatchery  
  35  3:17  Drone x6  
  35  3:18  Drone x3  
  43  3:27  Extractor  
  43  3:29  Drone, Extractor  
  43  3:31  Drone, Roach Warren  
  42  3:36  Queen  
  44  3:50  Overlord x2  
  44  3:57  Overlord  
  44  4:11  Drone  
  44  4:13  Spore Crawler  
  44  4:14  Drone x6  
  44  4:15  Lair  
  50  4:21  Roach x2  
  50  4:23  Roach  
  56  4:25  Drone  
  56  4:30  Spore Crawler  
  56  4:31  Drone x4  
  60  4:32  Queen  
  62  4:45  Ravager  
  62  4:46  Ravager x2  
  62  4:47  Roach x4  
  62  4:49  Drone x2  
  74  4:53  Evolution Chamber  
  74  4:54  Drone  
  74  5:00  Overlord  
  74  5:01  Overlord x2  
  73  5:15  Drone  
  74  5:33  Drone x13  
  74  5:34  Drone  
  85  5:54  Drone x7  
  85  5:56  Zerg Missile Weapons Level 1, Extractor x2  
  87  5:57  Extractor  
  87  5:59  Evolution Chamber  
  87  6:02  Hatchery  
  84  6:20  Roach  
  84  6:21  Roach x6  
  91  6:48  Ravager  
  91  6:49  Ravager x6  
  87  6:59  Drone x4, Queen  
  92  7:05  Drone x3  
  89  7:14  Drone x3  
  92  7:17  Drone x2  
  94  7:26  Drone x4  
  98  7:30  Drone x2  
  98  7:33  Glial Reconstitution  
  100  7:44  Drone x3  
  100  7:45  Drone  
  100  7:46  Overlord x2  
  99  8:19  Drone  
  87  8:33  Drone x7  
  93  8:39  Drone x8  
  100  8:47  Roach x3  
  100  8:48  Roach x2  
Tags
 
Add a new tag
Caveats
  • Supply blocks, unpowered buildings, or Contaminate may cause inaccurate times.
  • Supply counts are checked every 10 seconds.